 Dungeon Crawl Stone Soup version 0.17-a0-1763-g847a857 (webtiles) character file.

7942 Gorice the Spear-Bearer (level 11, -12/89 HPs)
             Began as a Mummy Wanderer on Sept 4, 2015.
             Was an Elder of Okawaru.
             Mangled by a hill giant
             ... wielding a +0 giant club
              (23 damage)
             ... on level 10 of the Dungeon.
             The game lasted 00:49:51 (14673 turns).

Gorice the Spear-Bearer (Mummy Wanderer)           Turns: 14673, Time: 00:49:51

Health: -12/89     AC: 16    Str: 19    XL:     11   Next: 3%
Magic:  0/20       EV:  8    Int: 11    God:    Okawaru [****..]
Gold:   551        SH:  0    Dex: 12    Spells: 0 memorised, 10 levels left

rFire  . . .     SeeInvis .     b - +0 blowgun
rCold  + . .     Clarity  .     i - +0 plate armour
rNeg   + + +     SustAt   .     (no shield)
rPois  ∞         Gourm    .     A - +0 helmet of Ypaly {*Confuse rF+ rN++ Stlth+} (curse)
rElec  .         Spirit   +     (no cloak)
rCorr  .         Warding  .     (no gloves)
rMut   .         Stasis   .     (no boots)
MR     +....                    x - amulet of guardian spirit
Stlth  ..........               E - +3 ring of protection
                                F - ring of magical power

@: about to teleport, heroism, somewhat resistant to hostile enchantments,
extremely unstealthy
A: no food or potions, fire vulnerability, cold resistance 1, negative energy
resistance 3, torment resistance, unbreathing
a: Heroism, Renounce Religion


You were on level 10 of the Dungeon.
You worshipped Okawaru.
Okawaru was greatly pleased with you.
You were not hungry.

You visited 2 branches of the dungeon, and saw 11 of its levels.

You collected 551 gold pieces.

Inventory:

Hand weapons
 a - a +0 lajatang
 b - a +0 blowgun (weapon)
 l - a +1 halberd of freezing
   (You took it off a wight on level 10 of the Dungeon)
 m - a +0 trident
 s - a +2 spear
 w - a +0 greatsling
 B - a +0 hunting sling
 K - a cursed +2 spear of freezing
   (You took it off a wight on level 9 of the Dungeon)
Missiles
 f - 99 sling bullets
 g - 5 javelins
 k - 25 poisoned needles (quivered)
 t - 5 bolts of penetration
 z - 3 tomahawks
 D - 5 needles of slowing
 U - 5 curare-tipped needles
 Y - 2 throwing nets
 Z - 355 stones
Armour
 d - a +2 scale mail of positive energy
   (You took it off Urug on level 10 of the Dungeon)
 i - a +0 plate armour (worn)
 A - the cursed +0 helmet of Ypaly (worn) {*Confuse rF+ rN++ Stlth+}
   (You found it on level 6 of the Dungeon)

   It protects you from fire.
   It greatly protects you from negative energy.
   It may confuse you when you take damage.
   It makes you more stealthy.
   It has a curse placed upon it.
 M - a steam dragon hide
Jewellery
 x - an amulet of guardian spirit (around neck)
 y - an uncursed ring of ice
 E - a +3 ring of protection (right hand)
 F - a ring of magical power (left hand)
 H - the ring "Kaumoph" {*Contam +Fly Str+2 Dex+4 SInv}
   (You found it on level 9 of the Dungeon)

   [ring of strength]

   It affects your strength (+2).
   It affects your dexterity (+4).
   It lets you see invisible.
   It lets you fly.
   It causes magical contamination when unequipped.
Magical devices
 j - a wand of frost (13)
 r - a wand of slowing (28)
 C - a wand of disintegration (12)
Scrolls
 c - 2 scrolls of magic mapping {!r}
 e - a scroll of blinking
 h - 3 scrolls of remove curse
 n - 2 scrolls of recharging
 o - 2 scrolls of teleportation {!r}
 p - a scroll of enchant weapon
 q - 2 scrolls of amnesia
 u - 2 scrolls of enchant armour
 v - 3 scrolls of fog
 I - a scroll of identify
 J - a scroll of noise {!r}
 L - a scroll of holy word {!r!r}
Books
 G - a book of Cantrips


   Skills:
 + Level 9.5(14.5) Fighting
 - Level 10.0(15.8) Polearms
 * Level 6.7(14.3) Staves
 - Level 1.0(6.0) Dodging
 - Level 2.4(7.4) Stealth
 - Level 2.4(7.4) Unarmed Combat


You had 10 spell levels left.
You didn't know any spells.

Dungeon Overview and Level Annotations

Branches:
Dungeon (10/15)            Temple (1/1) D:4            Lair (0/8) D:8
    Orc: D:9-12

Altars:
Ashenzari
Cheibriados
Dithmenos
Elyvilon
Fedhas
Gozag
Kikubaaqudgha
Makhleb
Nemelex Xobeh
Okawaru
Qazlal
Ru
Sif Muna
Trog
Vehumet
Xom
Yredelemnul
Zin
The Shining One

Annotations:
D:2 vpUX: Yiuf @lge, Crazy Yiuf


Innate Abilities, Weirdness & Mutations

You do not eat or drink.
Your flesh is vulnerable to fire.
You are immune to poison.
Your flesh is cold resistant.
You are immune to negative energy.
You are immune to unholy pain and torment.
You can survive without breathing.


Message History

You shoot a poisoned needle.
The poisoned needle hits the hill giant!
The hill giant is poisoned.
The hill giant is moderately wounded.
The hill giant hits you with a giant club!!
Damage: 23 (max 23)
The hill giant hits you with a giant club!!
Damage: 24 (max 24) Unknown command.
You see here a poisoned needle.
You see here a poisoned needle.
You see here a poisoned needle.
The hill giant looks more healthy.
Firing (i - inventory. (,) - cycle):
k - 26 poisoned needles (quivered)
Press: ? - help, Shift-Dir - straight line, f/p - hill giant
Aim: a hill giant, wielding a giant club (moderately wounded)
You shoot a poisoned needle.
The poisoned needle hits the hill giant!
The hill giant is poisoned.
The hill giant is moderately wounded.
You see here a poisoned needle.
Evoke which item? (* to show all) (? for menu, Esc to quit)
Zapping:
r - a wand of slowing {zapped: 10} (will waste charges)
Press: ? - help, Shift-Dir - straight line, f/p - hill giant
Aim: a hill giant, wielding a giant club (moderately wounded, poisoned, chance to defeat MR: 34%)
The hill giant easily resists.
Evoking this partially-identified wand wasted a few charges.
The hill giant hits you with a giant club!
* * * LOW HITPOINT WARNING * * *
Damage: 11 (max 24) Unknown command.
You see here a poisoned needle.
You see here a poisoned needle.
You see here a poisoned needle.
The hill giant looks more healthy.
You can't drink.
Unknown command.
Unknown command.
Use which ability?
You gain the combat prowess of a mighty hero.
The hill giant hits you with a giant club!!
* * * LOW HITPOINT WARNING * * *
Damage: 14 (max 24)
You see here a poisoned needle.
Read which item? (? for menu, Esc to quit)
Really read
o - 3 scrolls of teleportation {!r}?
As you read the scroll of teleportation {!r}, it crumbles to dust.
You feel strangely unstable.
The hill giant hits you with a giant club!!
You die...

###.#....# #.# .........# #.#
.#..#.#..# #.####
.....)...###..(.##
.#.#.#....#...#..#
..........#...##(#
#....#.#..#...##.#
..........#...##C#
......##.......#@#
......##......(#.# ####
......##.......#.# #...
......##.......#(# #.#.
......##......(#.#############.#.
......##..............[))......#.
...........#......###############
...........#......#
...........#......#


You could see a hill giant.

Vanquished Creatures
  Urug (D:10)
  Pikel (D:6)
  A hill giant (D:9)
  A deep elf mage (D:9)
  10 yaks
  A wraith (D:8)
  The ghost of emiel the Ruffian, an average DrWn of Cheibriados (D:5)
  A steam dragon (D:10)
  A human (D:10)
  2 hippogriffs
  Edmund (D:5)
  A water moccasin (D:6)
  3 ice beasts
  2 black bears (D:9)
  2 necrophages (D:8)
  A crocodile (D:9)
  A sky beast (D:9)
  6 ogres
  2 centaurs
  3 giant frogs
  A wyvern zombie (D:10)
  3 scorpions
  A killer bee (D:8)
  A troll zombie (D:8)
  A troll skeleton (D:8)
  14 wights
  2 crimson imps
  3 human zombies (D:8)
  2 jellies
  3 iguanas
  Ijyb (D:2)
  A gnoll shaman (D:9)
  5 hounds
  4 orc priests
  6 worker ants
  Terence (D:1)
  3 centaur skeletons
  5 orc wizards
  2 mummies (D:8)
  A hound skeleton (D:6)
  6 gnolls (D:9)
  5 adders
  3 shadow imps
  4 oozes
  A worm (D:5)
  An adder zombie (D:7)
  2 giant geckos
  26 orcs
  6 giant cockroaches
  21 goblins
  9 hobgoblins
  5 jackals
  8 kobolds
  2 ball pythons (D:4)
  5 bats
  A giant gecko zombie (D:8)
  6 giant newts
  An orc zombie (D:8)
  3 quokkas
  5 rats
  A spectral orc (D:9)
  A fungus (D:2)
224 creatures vanquished.

Notes
Turn   | Place    | Note
--------------------------------------------------------------
     0 | D:1      | Gorice the Mummy Wanderer began the quest for the Orb.
     0 | D:1      | Gorice set off with: a +2 spear, 2 scrolls of teleportation {!r}, a +0 robe, a +0 dagger
     0 | D:1      | Reached XP level 1. HP: 15/15 MP: 1/1
    19 | D:1      | HP: 3/15 [hobgoblin (4)]
    28 | D:1      | HP: 2/15 [bat (1)]
    67 | D:1      | HP: 2/15 [hobgoblin (2)]
   395 | D:1      | Reached skill level 2 in Polearms
   401 | D:1      | Reached XP level 2. HP: 15/21 MP: 2/2
  1251 | D:1      | Reached XP level 3. HP: 18/26 MP: 3/3
  1560 | D:2      | Noticed Terence
  1630 | D:1      | HP: 8/27 [adder (4)]
  1631 | D:1      | Reached skill level 3 in Polearms
  1864 | D:1      | Killed Terence
  1864 | D:1      | Reached skill level 2 in Fighting
  1864 | D:1      | Reached XP level 4. HP: 18/33 MP: 4/4
  2416 | D:2      | Noticed Ijyb
  2460 | D:2      | Killed Ijyb
  2629 | D:2      | Noticed Crazy Yiuf
  2882 | D:3      | Found a snail-covered altar of Cheibriados.
  2891 | D:3      | Reached XP level 5. HP: 34/39 MP: 5/5
  3923 | D:4      | Found a shimmering altar of Xom.
  4065 | D:4      | Reached skill level 4 in Polearms
  4156 | D:4      | Found a staircase to the Ecumenical Temple.
  4164 | Temple   | Entered the Ecumenical Temple
  4389 | D:4      | Noticed an ogre
  4419 | D:4      | Killed an ogre
  4419 | D:4      | Reached skill level 3 in Fighting
  4500 | D:4      | Reached XP level 6. HP: 34/47 MP: 6/6
  4971 | D:5      | Entered Level 5 of the Dungeon
  5008 | D:5      | HP: 12/47 [acid (9)]
  5009 | D:5      | HP: 5/47 [acid (6)]
  5025 | D:4      | HP: 7/47 [jelly (1)]
  5025 | D:4      | HP: 1/47 [acid (6)]
  5043 | D:4      | HP: 1/47 [giant gecko (3)]
  5404 | D:4      | HP: 14/47 [jelly (2)]
  5404 | D:4      | HP: 5/47 [acid (9)]
  5405 | D:4      | Reached skill level 5 in Polearms
  5770 | D:5      | Found a sparkling altar of Nemelex Xobeh.
  6085 | D:5      | Noticed emiel's ghost (average DrWn)
  6125 | D:5      | Killed emiel's ghost
  6125 | D:5      | Reached skill level 4 in Fighting
  6125 | D:5      | Reached XP level 7. HP: 54/54 MP: 7/7
  6428 | D:5      | HP: 16/54 [adder (4)]
  6438 | D:5      | Reached skill level 6 in Polearms
  6441 | D:5      | HP: 10/55 [ooze (4)]
  7020 | D:5      | HP: 16/55 [something (2)]
  7476 | D:5      | Reached XP level 8. HP: 61/61 MP: 8/8
  7558 | D:5      | Reached skill level 5 in Fighting
  7613 | D:6      | Noticed Pikel
  7795 | D:6      | Reached skill level 7 in Polearms
  7970 | D:6      | Killed Pikel
  7970 | D:6      | Reached skill level 6 in Fighting
  7970 | D:6      | Reached skill level 8 in Polearms
  8006 | D:6      | Noticed Edmund
  8008 | D:6      | Got a pitted helmet
  8019 | D:5      | Identified the cursed +0 helmet of Ypaly {*Confuse rF+ rN++ Stlth+} (You found it on level 6 of the Dungeon)
  8195 | D:5      | Killed Edmund
  8368 | D:5      | Reached XP level 9. HP: 38/71 MP: 4/9
  8545 | D:6      | Found an iron altar of Okawaru.
  8553 | D:6      | Became a worshipper of Warmaster Okawaru
  8563 | D:6      | Found a white marble altar of Elyvilon.
  8634 | D:6      | Found a radiant altar of Vehumet.
  9324 | D:7      | Found a bloodstained altar of Trog.
  9568 | D:7      | Reached skill level 9 in Polearms
  9626 | D:7      | Found an ancient bone altar of Kikubaaqudgha.
  9701 | D:7      | Reached skill level 7 in Fighting
  9965 | D:8      | Found a staircase to the Lair.
  9966 | D:8      | Found a shattered altar of Ashenzari.
 10268 | D:8      | Acquired Okawaru's first power
 10900 | D:8      | Found an ancient bone altar of Kikubaaqudgha.
 11375 | D:8      | Reached skill level 10 in Polearms
 11572 | D:9      | Reached skill level 8 in Fighting
 11619 | D:9      | Reached skill level 1 in Staves
 11623 | D:9      | Reached XP level 10. HP: 61/80 MP: 10/10
 11643 | D:9      | Got an ancient platinum ring
 11645 | D:9      | Identified the ring "Kaumoph" {*Contam +Fly Str+2 Dex+4 SInv} (You found it on level 9 of the Dungeon)
 11717 | D:9      | Found a basalt altar of Yredelemnul.
 11770 | D:9      | Reached skill level 2 in Staves
 12103 | D:9      | Reached skill level 3 in Staves
 12163 | D:9      | Found a blossoming altar of Fedhas.
 12252 | D:9      | Noticed a hill giant
 12293 | D:9      | Killed a hill giant
 12475 | D:9      | Reached skill level 4 in Staves
 13053 | D:10     | Entered Level 10 of the Dungeon
 13110 | D:10     | Reached skill level 5 in Staves
 13237 | D:10     | Noticed Urug
 13333 | D:10     | Killed Urug
 13333 | D:10     | Reached skill level 9 in Fighting
 14052 | D:10     | Reached skill level 6 in Staves
 14262 | D:10     | Reached XP level 11. HP: 62/89 MP: 11/11
 14597 | D:10     | Noticed a hill giant
 14658 | D:10     | HP: 22/89 [hill giant/giant club (11)]
 14671 | D:10     | HP: 11/89 [hill giant/giant club (15)]
 14673 | D:10     | Mangled by a hill giant

Vault maps used:
D:1:      arrival_zaba_pyramid
D:2:      kennysheep_goblin_castle, first_bread, uniq_terence,
          uniq_crazy_yiuf_cottage
D:3:      cheibriados_altar_wand_db
D:4:      kennysheep_little_box, minmay_temple_entry_glassed_door
D:5:      lemuel_round_altar, grunt_decor_cap
D:6:      kennysheep_mini_moat, old_standard_altar,
          lemuel_coloured_pillars_altar, uniq_edmund, uniq_pikel
D:7:      lemuel_round_altar, bloody_trog, grunt_ogre_cave
D:8:      cheibrodos_ashenzari_chains, dpeg_oklobed_lair,
          lemuel_mausoleum_altar_kikubaaqudgha
D:9:      fedhas_altar_2, yredelemnul_forgotten_temple_becter,
          basic_loot_grate_trap
D:10:     erik_1, hangedman_decor_points, uniq_urug, uniq_erica
Temple:   grunt_temple_mini_profane_8

Action                   |  1- 3 |  4- 6 |  7- 9 | 10-12 || total
-------------------------+-------+-------+-------+-------++-------
Melee: Spear             |   126 |   149 |       |       ||   275
       Trident           |       |   188 |   625 |       ||   813
       Lajatang          |       |       |    27 |   229 ||   256
 Fire: Hunting sling     |       |    19 |       |       ||    19
       Blowgun           |       |     5 |    20 |    31 ||    56
Throw: Stone             |       |       |     2 |       ||     2
       Tomahawk          |       |       |       |     8 ||     8
Invok: Heroism           |       |       |       |     1 ||     1
Evoke: Wand              |       |       |     1 |     6 ||     7
  Use: Scroll            |       |     5 |     5 |     5 ||    15
 Stab: Sleeping          |     2 |       |       |       ||     2
       Distracted        |     1 |       |       |       ||     1

Table legend:
 A = Turns spent in this place as a percentage of turns spent in the entire game.
 B = Non-inter-level travel turns spent in this place as a percentage of non-inter-level travel turns spent in the entire game.
 C = Inter-level travel turns spent in this place as a percentage of turns spent in this place.
 D = Turns resting spent in this place as a percentage of non-inter-level travel turns spent in this place.
 E = Turns spent auto-exploring this place as a percentage of non-inter-level travel turns spent in this place.
 F = Non-inter-level travel turns spent in this place divided by the number of levels of this place that you've seen.
                   A       B       C       D       E      F
               +-------+-------+-------+-------+-------+----------------------
         Total | 100.0 | 100.0 |   0.4 |   3.2 |   5.5 | 396.3
       Dungeon |  99.7 |  99.7 |   0.4 |   3.1 |   5.3 | 434.7
        Temple |   0.3 |   0.3 |   7.7 |  16.7 |  58.3 |  12.0
               +-------+-------+-------+-------+-------+----------------------

Vault maps used:
D:1:      arrival_zaba_pyramid
D:2:      kennysheep_goblin_castle, first_bread, uniq_terence,
          uniq_crazy_yiuf_cottage
D:3:      cheibriados_altar_wand_db
D:4:      kennysheep_little_box, minmay_temple_entry_glassed_door
D:5:      lemuel_round_altar, grunt_decor_cap
D:6:      kennysheep_mini_moat, old_standard_altar,
          lemuel_coloured_pillars_altar, uniq_edmund, uniq_pikel
D:7:      lemuel_round_altar, bloody_trog, grunt_ogre_cave
D:8:      cheibrodos_ashenzari_chains, dpeg_oklobed_lair,
          lemuel_mausoleum_altar_kikubaaqudgha
D:9:      fedhas_altar_2, yredelemnul_forgotten_temple_becter,
          basic_loot_grate_trap
D:10:     erik_1, hangedman_decor_points, uniq_urug, uniq_erica
Temple:   grunt_temple_mini_profane_8
